3AAA
PURE MICHIGAN GREAT LAKERS @ HAMILTON COYOTES
08/09/2023
 
TOP OF THE 1ST
Pure Michigan Great Lakers batting - Pitching for Hamilton Coyotes : RHP Marcos Mesa
Pitching: RHP Marcos Mesa
Batting: RHB Brian King 0-0: Ball
1-0: Swinging Strike
1-1: Called Strike
1-2: Strikes out swinging
Batting: RHB Zong-yuan Fung 0-0: Called Strike
0-1: Foul Ball, location: 2F
0-2: Fly out, F9 (Flyball, 9S)
Batting: RHB Jeffery Campbell 0-0: Ball
1-0: Called Strike
1-1: Called Strike
1-2: Ground out 5-3 (Groundball, 5)
Top of the 1st over - 0 run(s), 0 hit(s), 0 error(s), 0 left on base; Pure Michigan 0 - Hamilton 0
BOTTOM OF THE 1ST
Hamilton Coyotes batting - Pitching for Pure Michigan Great Lakers : RHP Javier Dávila
Pitching: RHP Javier Dávila
Batting: RHB Francisco Morales 0-0: Called Strike
0-1: Ball
1-1: Swinging Strike
1-2: Ball
2-2: Strikes out swinging
Batting: RHB Carlos Mercado 0-0: Foul Ball, location: 2F
0-1: Foul Ball, location: 2F
0-2: Strikes out swinging
Batting: RHB Héctor Rojas 0-0: Ball
1-0: SINGLE (Groundball, 56D)
Batting: RHB Stan Pierce 0-0: Ball
1-0: Fly out, F9 (Flyball, 89D)
Bottom of the 1st over - 0 run(s), 1 hit(s), 0 error(s), 1 left on base; Pure Michigan 0 - Hamilton 0
TOP OF THE 2ND
Pure Michigan Great Lakers batting - Pitching for Hamilton Coyotes : RHP Marcos Mesa
Batting: LHB Gustavo Cortéz 0-0: Fly out, F8 (Flyball, 8LM)
Batting: LHB Mario Cruz 0-0: Ball
1-0: Called Strike
1-1: Foul Ball, location: 2F
1-2: SINGLE (Line Drive, 4MD)
Batting: LHB Sean Angwin 0-0: SINGLE (Groundball, 6MD)
Mario Cruz to second
Batting: RHB Dani Trejo 0-0: Ball
1-0: Called Strike
1-1: Ball
2-1: Ball
3-1: Base on Balls
Mario Cruz to third
Sean Angwin to second
Batting: RHB Yoshiyuki Sasaki 0-0: Foul Ball, location: 2F
0-1: Ball
1-1: Called Strike
1-2: SINGLE (Line Drive, 6MD)
Mario Cruz scores
Sean Angwin to third
Dani Trejo to second
Batting: RHB Lorenzo Sabastro 0-0: Ball
1-0: Called Strike
1-1: Swinging Strike
1-2: SINGLE (Groundball, 5D)
Sean Angwin scores
Dani Trejo to third
Yoshiyuki Sasaki to second
Runner from 3rd tries for Home, SAFE, no throw or cutoff
Batting: RHB Brian King 0-0: Grounds into double play, 6-4-3 (Groundball, 6)
Top of the 2nd over - 3 run(s), 4 hit(s), 0 error(s), 1 left on base; Pure Michigan 3 - Hamilton 0
BOTTOM OF THE 2ND
Hamilton Coyotes batting - Pitching for Pure Michigan Great Lakers : RHP Javier Dávila
Batting: RHB Ralph May 0-0: Called Strike
0-1: Ball
1-1: Foul Ball, location: 2F
1-2: Strikes out swinging
Batting: LHB Tony Ríos 0-0: Ball
1-0: SINGLE (Groundball, 4M)
Batting: RHB Monty Sharp 0-0: Ball
1-0: Ball
2-0: SINGLE (Line Drive, 7S)
Tony Ríos to second
Batting: RHB Sam Horton 0-0: Foul Ball, location: 2F
0-1: Called Strike
0-2: Strikes out looking
Batting: RHB Rodrigo Pagán 0-0: Ground out 4-3 (Groundball, 4)
Bottom of the 2nd over - 0 run(s), 2 hit(s), 0 error(s), 2 left on base; Pure Michigan 3 - Hamilton 0
TOP OF THE 3RD
Pure Michigan Great Lakers batting - Pitching for Hamilton Coyotes : RHP Marcos Mesa
Batting: RHB Zong-yuan Fung 0-0: Ball
1-0: Ground out 6-3 (Groundball, 6)
Batting: RHB Jeffery Campbell 0-0: Ball
1-0: Called Strike
1-1: Swinging Strike
1-2: Foul Ball, location: 2F
1-2: Foul Ball, location: 2F
1-2: Foul Ball, location: 2F
1-2: Ball
2-2: Fly out, F5 (Line Drive, 5S)
Batting: LHB Gustavo Cortéz 0-0: Fly out, F6 (Popup, 5)
Top of the 3rd over - 0 run(s), 0 hit(s), 0 error(s), 0 left on base; Pure Michigan 3 - Hamilton 0
BOTTOM OF THE 3RD
Hamilton Coyotes batting - Pitching for Pure Michigan Great Lakers : RHP Javier Dávila
Batting: RHB Francisco Morales 0-0: Called Strike
0-1: Called Strike
0-2: Foul Ball, location: 2F
0-2: Ball
1-2: Foul Ball, location: 2F
1-2: SINGLE (Line Drive, 56)
Batting: RHB Carlos Mercado 0-0: Ball
Francisco Morales steals 2nd base
1-0: Called Strike
1-1: Fly out, F9 (Flyball, 9S)
Batting: RHB Héctor Rojas 0-0: Called Strike
0-1: Swinging Strike
0-2: Foul Ball, location: 2F
0-2: Foul Ball, location: 2F
0-2: Ground out 5-3 (Groundball, 5)
Batting: RHB Stan Pierce 0-0: Called Strike
0-1: Ball
1-1: Ball
2-1: Foul Ball, location: 2F
2-2: Strikes out swinging
Bottom of the 3rd over - 0 run(s), 1 hit(s), 0 error(s), 1 left on base; Pure Michigan 3 - Hamilton 0
TOP OF THE 4TH
Pure Michigan Great Lakers batting - Pitching for Hamilton Coyotes : RHP Marcos Mesa
Batting: LHB Mario Cruz 0-0: SINGLE (Groundball, 15) (infield hit)
Batting: LHB Sean Angwin 0-0: Ball
1-0: Ball
2-0: Ball
3-0: Called Strike
3-1: Swinging Strike
3-2: 2-RUN HOME RUN (Flyball, 8RXD), Distance : 424 ft
Batting: RHB Dani Trejo 0-0: Called Strike
0-1: Ball
1-1: Called Strike
1-2: Ground out 6-3 (Groundball, 6)
Batting: RHB Yoshiyuki Sasaki 0-0: Ball
1-0: Ball
2-0: Called Strike
2-1: Called Strike
2-2: Ball
3-2: Strikes out swinging
Batting: RHB Lorenzo Sabastro 0-0: Called Strike
0-1: SINGLE (Groundball, 4MD)
Batting: RHB Brian King 0-0: Called Strike
0-1: Swinging Strike
0-2: Ball
1-2: Foul Ball, location: 2F
1-2: Ball
Lorenzo Sabastro steals 2nd base
2-2: Fly out, F9 (Flyball, 9LMF)
Top of the 4th over - 2 run(s), 3 hit(s), 0 error(s), 1 left on base; Pure Michigan 5 - Hamilton 0
BOTTOM OF THE 4TH
Hamilton Coyotes batting - Pitching for Pure Michigan Great Lakers : RHP Javier Dávila
Batting: RHB Ralph May 0-0: Foul Ball, location: 2F
0-1: Ball
1-1: Fly out, F7 (Line Drive, 7D)
Batting: LHB Tony Ríos 0-0: SINGLE (Groundball, 3L)
Batting: RHB Monty Sharp 0-0: Called Strike
0-1: Fielders Choice at 2nd, 1-6 (Groundball, 15)
Batting: RHB Sam Horton 0-0: Ball
1-0: Foul Ball, location: 2F
1-1: SINGLE (Groundball, 25) (infield hit)
Monty Sharp to second
Pinch Runner at 1st Jack O'Brien:
Batting: RHB Rodrigo Pagán 0-0: Called Strike
0-1: Foul Ball, location: 2F
0-2: Ball
1-2: Fly out, F3 (Popup, 3F)
Bottom of the 4th over - 0 run(s), 2 hit(s), 0 error(s), 2 left on base; Pure Michigan 5 - Hamilton 0
TOP OF THE 5TH
Pure Michigan Great Lakers batting - Pitching for Hamilton Coyotes : RHP Marcos Mesa
Now at 1B: Jack O'Brien
Batting: RHB Zong-yuan Fung 0-0: Foul Ball, location: 2F
0-1: Ball
1-1: Swinging Strike
1-2: Strikes out swinging
Batting: RHB Jeffery Campbell 0-0: Ground out 5-3 (Groundball, 5)
Batting: LHB Gustavo Cortéz 0-0: Ground out 4-3 (Groundball, 34)
Top of the 5th over - 0 run(s), 0 hit(s), 0 error(s), 0 left on base; Pure Michigan 5 - Hamilton 0
BOTTOM OF THE 5TH
Hamilton Coyotes batting - Pitching for Pure Michigan Great Lakers : RHP Javier Dávila
Batting: RHB Francisco Morales 0-0: Bunt for hit - play at first, batter OUT! 1-3
Batting: RHB Carlos Mercado 0-0: Foul Ball, location: 2F
0-1: Called Strike
0-2: Ball
1-2: Foul Ball, location: 2F
1-2: Fly out, F9 (Flyball, 89D)
Batting: RHB Héctor Rojas 0-0: Called Strike
0-1: Swinging Strike
0-2: Ball
1-2: Ball
2-2: Strikes out swinging
Bottom of the 5th over - 0 run(s), 0 hit(s), 0 error(s), 0 left on base; Pure Michigan 5 - Hamilton 0
TOP OF THE 6TH
Pure Michigan Great Lakers batting - Pitching for Hamilton Coyotes : RHP Marcos Mesa
Pitching: LHP Grant Woods
Batting: LHB Mario Cruz 0-0: Ball
1-0: Called Strike
1-1: Ball
2-1: Foul Ball, location: 2F
2-2: Strikes out swinging
Batting: LHB Sean Angwin 0-0: Swinging Strike
0-1: Ball
1-1: Foul Ball, location: 2F
1-2: Ball
2-2: Foul Ball, location: 2F
2-2: Foul Ball, location: 2F
2-2: Foul Ball, location: 2F
2-2: Ball
3-2: Base on Balls
Batting: RHB Dani Trejo 0-0: Ball
1-0: Ball
2-0: Foul Ball, location: 2F
2-1: Called Strike
2-2: Fly out, F7 (Flyball, 78M)
Batting: RHB Yoshiyuki Sasaki 0-0: Called Strike
0-1: Ball
1-1: Ball
2-1: Ball
3-1: Base on Balls
Sean Angwin to second
Batting: RHB Lorenzo Sabastro 0-0: Ball
1-0: Called Strike
1-1: Swinging Strike
1-2: Ball
2-2: Ball
3-2: Foul Ball, location: 2F
3-2: Base on Balls
Sean Angwin to third
Yoshiyuki Sasaki to second
Batting: RHB Brian King 0-0: Ball
1-0: Ball
2-0: Ball
3-0: Called Strike
3-1: Foul Ball, location: 2F
3-2: Base on Balls
Sean Angwin scores
Yoshiyuki Sasaki to third
Lorenzo Sabastro to second
Batting: RHB Zong-yuan Fung 0-0: Called Strike
0-1: Foul Ball, location: 2F
0-2: Ball
1-2: Ball
2-2: SINGLE (Groundball, 6)
Yoshiyuki Sasaki scores
Lorenzo Sabastro to third
Brian King to second
Runner from 3rd tries for Home, SAFE, no throw or cutoff
Pitching: RHP Larry Gordon
Batting: RHB Jeffery Campbell 0-0: Ball
1-0: SINGLE (Groundball, 6M)
Brian King to third
Zong-yuan Fung to second
Runner from 3rd tries for Home, SAFE, no throw or cutoff
Batting: LHB Gustavo Cortéz 0-0: Ball
1-0: Ball
2-0: Ball
3-0: Base on Balls
Zong-yuan Fung to third
Jeffery Campbell to second
Batting: LHB Mario Cruz 0-0: Called Strike
0-1: Ball
1-1: Ball
2-1: Ball
3-1: Foul Ball, location: 2F
3-2: Base on Balls
Zong-yuan Fung scores
Jeffery Campbell to third
Gustavo Cortéz to second
Batting: LHB Sean Angwin 0-0: Called Strike
0-1: Swinging Strike
0-2: Ball
1-2: Ball
2-2: Strikes out swinging
Top of the 6th over - 5 run(s), 2 hit(s), 0 error(s), 3 left on base; Pure Michigan 10 - Hamilton 0
BOTTOM OF THE 6TH
Hamilton Coyotes batting - Pitching for Pure Michigan Great Lakers : RHP Javier Dávila
Batting: RHB Stan Pierce 0-0: Called Strike
0-1: Foul Ball, location: 2F
0-2: Ball
1-2: Ball
2-2: Ball
3-2: Fly out, F5 (Popup, 5F)
Batting: RHB Ralph May 0-0: Called Strike
0-1: Swinging Strike
0-2: Ground out 6-3 (Groundball, 6)
Batting: LHB Tony Ríos 0-0: Ball
1-0: Called Strike
1-1: Ball
2-1: Foul Ball, location: 2F
2-2: Foul Ball, location: 2F
2-2: Foul Ball, location: 2F
2-2: Ground out U3 (Groundball, 3L)
Bottom of the 6th over - 0 run(s), 0 hit(s), 0 error(s), 0 left on base; Pure Michigan 10 - Hamilton 0
TOP OF THE 7TH
Pure Michigan Great Lakers batting - Pitching for Hamilton Coyotes : RHP Larry Gordon
Pinch Hitting: RHB Jorge Gonzáles 0-0: Ball
1-0: Ground out 6-3 (Groundball, 6)
Batting: RHB Yoshiyuki Sasaki 0-0: Called Strike
0-1: Foul Ball, location: 2F
0-2: Fly out, F2 (Popup, 2LF)
Batting: RHB Lorenzo Sabastro 0-0: Ball
1-0: Foul Ball, location: 2F
1-1: Foul Ball, location: 2F
1-2: Hit by Pitch
Batting: RHB Brian King 0-0: Ball
1-0: Ball
2-0: Called Strike
2-1: SINGLE (Groundball, 34D)
Lorenzo Sabastro to second
Runner from 2nd tries for 3rd, SAFE, throw made to third
Batting: RHB Zong-yuan Fung 0-0: Ball
1-0: Ball
2-0: Fly out, F7 (Flyball, 78S)
Top of the 7th over - 0 run(s), 1 hit(s), 0 error(s), 2 left on base; Pure Michigan 10 - Hamilton 0
BOTTOM OF THE 7TH
Hamilton Coyotes batting - Pitching for Pure Michigan Great Lakers : RHP Javier Dávila
Now in CF: Rick Moore
Batting: RHB Monty Sharp 0-0: Fly out, F4 (Line Drive, 4)
Batting: RHB Jack O'Brien 0-0: Foul Ball, location: 2F
0-1: Swinging Strike
0-2: Fly out, F8 (Flyball, 8LM)
Batting: RHB Rodrigo Pagán 0-0: Ball
1-0: Called Strike
1-1: Ball
2-1: Ball
3-1: Foul Ball, location: 2F
3-2: Strikes out swinging
Bottom of the 7th over - 0 run(s), 0 hit(s), 0 error(s), 0 left on base; Pure Michigan 10 - Hamilton 0
TOP OF THE 8TH
Pure Michigan Great Lakers batting - Pitching for Hamilton Coyotes : RHP Larry Gordon
Batting: RHB Jeffery Campbell 0-0: Called Strike
0-1: Swinging Strike
0-2: Hit by Pitch
Batting: LHB Gustavo Cortéz 0-0: Called Strike
0-1: Swinging Strike
0-2: Foul Ball, location: 2F
0-2: Foul Ball, location: 2F
0-2: Ball
1-2: Strikes out looking
Batting: LHB Mario Cruz 0-0: Ball
1-0: Ball
2-0: Called Strike
2-1: SINGLE (Groundball, 4M)
Jeffery Campbell to second
Batting: LHB Sean Angwin 0-0: Ball
1-0: Called Strike
1-1: Foul Ball, location: 2F
1-2: Fly out, F7 (Flyball, 7M)
Batting: RHB Rick Moore 0-0: SINGLE (Groundball, 13) (infield hit)
Jeffery Campbell to third
Mario Cruz to second
Batting: RHB Yoshiyuki Sasaki 0-0: Ball
1-0: Ball
2-0: Fly out, F9 (Flyball, 9M)
Top of the 8th over - 0 run(s), 2 hit(s), 0 error(s), 3 left on base; Pure Michigan 10 - Hamilton 0
BOTTOM OF THE 8TH
Hamilton Coyotes batting - Pitching for Pure Michigan Great Lakers : RHP Javier Dávila
Batting: RHB Francisco Morales 0-0: Foul Ball, location: 2F
0-1: Fly out, F6 (Line Drive, 6D)
Batting: RHB Carlos Mercado 0-0: Ball
1-0: Ball
2-0: Called Strike
2-1: Swinging Strike
2-2: Foul Ball, location: 2F
2-2: Strikes out swinging
Batting: RHB Héctor Rojas 0-0: Ball
1-0: Swinging Strike
1-1: Ball
2-1: Foul Ball, location: 2F
2-2: Ball
3-2: Base on Balls
Batting: RHB Stan Pierce 0-0: Called Strike
0-1: Ball
1-1: Foul Ball, location: 2F
1-2: Fly out, F4 (Popup, 4D)
Bottom of the 8th over - 0 run(s), 0 hit(s), 0 error(s), 1 left on base; Pure Michigan 10 - Hamilton 0
TOP OF THE 9TH
Pure Michigan Great Lakers batting - Pitching for Hamilton Coyotes : RHP Larry Gordon
Pitching: RHP R.J. Good
Batting: RHB Lorenzo Sabastro 0-0: Foul Ball, location: 2F
0-1: Ground out 5-3 (Groundball, 5)
Batting: RHB Brian King 0-0: Called Strike
0-1: Ball
1-1: Ball
2-1: TRIPLE (Line Drive, 9LM)
Pinch Hitting: SHB Virgil Eberle 0-0: Called Strike
0-1: Ball
1-1: Ball
2-1: Ground out 4-3 (Groundball, 4)
Brian King scores
Batting: RHB Jeffery Campbell 0-0: Fly out, F9 (Flyball, 9S)
Top of the 9th over - 1 run(s), 1 hit(s), 0 error(s), 0 left on base; Pure Michigan 11 - Hamilton 0
BOTTOM OF THE 9TH
Hamilton Coyotes batting - Pitching for Pure Michigan Great Lakers : RHP Javier Dávila
Now at 3B: Cullen Spencer
Now in LF: Jesús Pérez
Batting: RHB Ralph May 0-0: Ball
1-0: Swinging Strike
1-1: Foul Ball, location: 2F
1-2: Fly out, F9 (Line Drive, 89D)
Batting: LHB Tony Ríos 0-0: Ball
1-0: Ball
2-0: Called Strike
2-1: Swinging Strike
2-2: Foul Ball, location: 2F
2-2: Ball
3-2: Strikes out swinging
Batting: RHB Monty Sharp 0-0: SINGLE (Groundball, 13) (infield hit)
Pitching: RHP Jim Unknown
Batting: RHB Jack O'Brien 0-0: SINGLE (Groundball, 56D)
Monty Sharp to second
Batting: RHB Rodrigo Pagán 0-0: Fly out, F4 (Popup, 34D)
Bottom of the 9th over - 0 run(s), 2 hit(s), 0 error(s), 2 left on base; Pure Michigan 11 - Hamilton 0
This league is powered by Out of the Park Baseball, the baseball management simulation game for PC, Mac and Linux
Friday, July 8th, 2016 - OOTP Baseball 16.9 Build 39